 Dungeon Crawl Stone Soup version 0.29-a0-802-g34511f41fd (webtiles) character file.

Game seed: 10099978376409692791

245 lesbiats the Ruffian (level 5, -4/37 HPs)
             Began as a Draconian Transmuter on July 3, 2022.
             Was a Believer of Hepliaklqana.
             Slain by an orc priest
             ... wielding a +0 mace
              (5 damage)
             ... on level 3 of the Dungeon.
             The game lasted 00:14:12 (2813 turns).

lesbiats the Ruffian (Draconian Transmuter)         Turns: 2813, Time: 00:14:13

Health: -4/37      AC:  5    Str: 12    XL:     5   Next: 83%
Magic:  7/9        EV: 16    Int: 16    God:    Hepliaklqana [**....]
Gold:   172        SH:  0    Dex: 11    Spells: 6/9 levels left

rFire   + . .      SeeInvis .   m - staff of fire
rCold   . . .      Faith    .   (no shield)
rNeg    . . .      Spirit   .   (body armour unavailable)
rPois   .          Reflect  .   (helmet restricted)
rElec   .          Harm     .   (no cloak)
rCorr   .          Rampage  .   (no gloves)
Will    .....                   (no boots)
Stlth   +.........              (no amulet)
HPRegen 0.12/turn               d - +4 ring of evasion
MPRegen 0.11/turn               q - ring of flight

@: flying, very slightly contaminated
A: reduced essence, AC +5, unfitting armour, cold-blooded
a: Renounce Religion, Recall Ancestor, Ancestor Identity


You were on level 3 of the Dungeon.
You worshipped Hepliaklqana.
Hepliaklqana was pleased with you.
You visited 1 branch of the dungeon, and saw 3 of its levels.

You collected 172 gold pieces.

Inventory:

Hand Weapons
 b - a +0 dagger
 o - a +2 scythe of holy wrath
 p - a +2 dagger of speed
Missiles
 c - 12 stones
Armour
 f - a +0 ring mail
 j - a +0 leather armour
Magical Staves
 m - a staff of fire (weapon)
Jewellery
 d - a +4 ring of evasion (left hand)
 q - a ring of flight (right hand)
Scrolls
 g - a scroll of poison {unknown}
 i - 2 scrolls of teleportation
 k - 2 scrolls of noise {unknown}
 n - 2 scrolls of fog {unknown}
Potions
 a - 2 potions of lignification
 e - 2 potions of curing {unknown}
 h - a potion of cancellation {unknown}
 l - a potion of experience {unknown}
 r - a potion of flight {unknown}


   Skills:
 + Level 2.6 Fighting
 + Level 2.7 Dodging
 - Level 3.3 Unarmed Combat
 + Level 2.8 Spellcasting
 + Level 3.0 Transmutations
 * Level 2.3 Fire Magic
 + Level 1.5 Evocations


You had 6 spell levels left.
You knew the following spells:

 Your Spells              Type           Power      Damage    Failure   Level
a - Beastly Appendage     Tmut           24%        N/A       5%          1
b - Wereblood             Tmut           12%        N/A       9%          2

Your spell library contained the following spells:

 Spells                   Type           Power      Damage    Failure   Level
 Spider Form              Tmut/Pois      7%         N/A       30%         3
 Gell's Gravitas          Tloc           2%         N/A       50%         3
 Lesser Beckoning         Tloc           2%         N/A       50%         3
 Teleport Other           Tloc           2%         N/A       50%         3
 Ice Form                 Ice/Tmut       7%         N/A       71%         4


Dungeon Overview and Level Annotations

Branches:
Dungeon (3/15)

Altars:
Hepliaklqana
Zin

Shops:
D:3 (


Innate Abilities, Weirdness & Mutations

Your life essence is reduced to manifest your ancestor. (-10% HP)
Your plain brown scales are hard. (AC +5)
You cannot fit into any form of body armour.
You are cold-blooded and may be slowed by cold attacks.


Message History

You are very lightly contaminated with residual magic.
Nothing appears to happen.
Khenut hits the orc priest with a +0 flail.
The orc wizard hits you with a +0 dagger of speed.
The orc priest calls upon Beogh to heal the orc priest.
The orc priest's wounds heal themselves!
The orc priest misses you.
You hit the orc priest but do no damage.
The orc priest casts a cantrip, but nothing happens. x2
The hobgoblin misses you.
You closely miss the orc wizard.
The orc wizard hits you but does no damage.
Khenut hits the orc wizard with a +0 flail.
The orc misses you. The hobgoblin closely misses you.
The orc wizard barely misses you.
You hit the orc wizard. You tail-slap the orc wizard.
The orc wizard is severely wounded.
Khenut barely misses the orc wizard.
The orc hits you with a +0 hand axe. The hobgoblin barely misses you.
The orc priest mumbles some strange prayers to Beogh against you.
Beogh smites you! The orc hits you but does no damage.
The orc wizard hits you with a +0 dagger of speed.
The orc wizard hits you but does no damage.
You swap places.
The orc attacks as you move away! The orc misses you.
The hobgoblin attacks as you move away! The hobgoblin misses you.
Khenut hits the orc wizard with a +0 flail!
The orc wizard dies!
The orc priest hits you with a +0 mace.
The hobgoblin hits Khenut but does no damage.
The orc barely misses Khenut.
The orc hits Khenut with a +0 club.
You hit the orc priest but do no damage.
You tail-slap the orc priest.
The orc priest is moderately wounded.
Khenut hits the orc but does no damage.
The orc closely misses Khenut.
The orc priest misses you.
The orc priest hits you with a +0 morningstar!
* * * LOW HITPOINT WARNING * * *
The orc hits Khenut with a +0 club.
The hobgoblin closely misses Khenut.
Khenut hits the orc but does no damage.
The orc priest hits you with a +0 mace.
You die...

#........# #........#
#........### #...........
## .........
.#######....∩# ########.
...##......#
#.....o)####.#.......#
...).KoR@.##....#)#.##
#.....goo.<........>#####
..#....>.................
.....#####..>...........#
..### ..........).......
. .................##
######.........#..#
#.........#...
#....[.........


You could see the friendly Khenut the knight, 2 orc priests, 2 orcs, a hobgoblin
and a kobold.

Vanquished Creatures
  2 ball pythons
  3 bats (D:1)
  An endoplasm (D:1)
  4 goblins
  4 hobgoblins
  A kobold (D:1)
  A quokka (D:2)
  2 frilled lizards
  2 rats (D:1)
20 creatures vanquished.

Vanquished Creatures (collateral kills)
  Sigmund (D:2)
  An orc wizard (D:3)
  2 adders (D:2)
  An orc (D:3)
  3 endoplasms
  3 goblins (D:2)
  A hobgoblin (D:2)
  2 ball pythons
  2 bats (D:2)
  A kobold (D:1)
  A rat (D:1)
18 creatures vanquished.

Grand Total: 38 creatures vanquished

Notes
Turn   | Place    | Note
-------+----------+-------------------------------------------
     0 | D:1      | lesbiats the Draconian Transmuter began the quest for the
                  | Orb.
     0 | D:1      | Reached XP level 1. HP: 16/16 MP: 3/3
   652 | D:1      | Reached XP level 2. HP: 20/23 MP: 3/5
   732 | D:1      | Found a faded altar of an unknown god.
   755 | D:1      | Prayed at the altar of an unknown god.
   755 | D:1      | Became a worshipper of Hepliaklqana the Forgotten
   755 | D:1      | Reached * piety under Hepliaklqana
  1189 | D:1      | Learned a level 2 spell: Wereblood
  1633 | D:2      | Reached XP level 3. HP: 12/26 MP: 6/6
  2249 | D:2      | Reached ** piety under Hepliaklqana
  2251 | D:2      | Found a glowing silver altar of Zin.
  2261 | D:2      | Remembered your ancestor Khenut as a knight
  2292 | D:2      | Noticed Sigmund
  2301 | D:2      | Killed Sigmund
  2302 | D:2      | Reached skill level 1 in Evocations
  2302 | D:2      | Reached XP level 4. HP: 18/33 MP: 4/8
  2302 | D:2      | Reached XP level 5. HP: 20/37 MP: 4/9
  2726 | D:2      | You are sucked into a shaft and drop 1 floor!
  2773 | D:3      | Found Lacis's Weapon Boutique.
  2813 | D:3      | HP: 1/37 [orc priest/+0 morningstar (11)]
  2813 | D:3      | Slain by an orc priest

Illustrated notes

Levels and vault maps discovered:
D:1:      scummos_arrival_hexagon, layout_basic,
          shapermc_ecumenical_altar_totnotflames
D:2:      layout_basic, basic_altar, uniq_sigmund
D:3:      minmay_angry_zag, layout_rooms, serial_shops, shop,
          supply_closet_lemuel, uniq_crazy_yiuf_cottage

Skill      XL: |  1  2  3  4  5 |
---------------+----------------+-----
Dodging        | 2 |  2.7
Fighting       | 2 |  2.6
Fire Magic     | 2 |  2.3
Evocations     | 1 |  1.5
Transmutations | 3 |  3.0
Unarmed Combat | |  3.3
Spellcasting   | |  2.8

Action                   |  1- 3 |  4- 6 || total
-------------------------+-------+-------++-------
Melee: Dagger            |    87 |       ||    87
       Tailslap          |     9 |     3 ||    12
       Kick              |     1 |       ||     1
       Headbutt          |     1 |       ||     1
       Punch             |     1 |       ||     1
       Staff             |    13 |    10 ||    23
 Cast: Beastly Appendage |     1 |       ||     1
       Wereblood         |     3 |       ||     3
Invok: Recall Ancestor   |     1 |     1 ||     2
       Ancestor Identity |     1 |       ||     1
       Ancestor Life: Kn |     1 |       ||     1
  Use: Scroll            |     1 |       ||     1
Armor: Skin              |    24 |     7 ||    31
Dodge: Dodged            |   105 |    12 ||   117

Table legend: (Time is in decaauts)
 A = Elapsed time spent in this place.
 B = Non-inter-level travel time spent in this place.
 C = Inter-level travel time spent in this place.
 D = Time resting spent in this place.
 E = Time spent auto-exploring this place.
 F = Levels seen in this place.
 G = Mean time per level.
                   A        B        C        D        E       F      G
               +--------+--------+--------+--------+--------+-----+--------+
         Total |   2815 |   2795 |     20 |   1357 |    770 |   3 |  938.3 |
       Dungeon |   2815 |   2795 |     20 |   1357 |    770 |   3 |  938.3 |
               +--------+--------+--------+--------+--------+-----+--------+

Top non-repeatable levels by time:
     D:1: 1461 daAuts
     D:2: 1267 daAuts
     D:3: 87 daAuts
